AoeStats
← Gregory176144

Arena

510411051Analyzed
1v1 RM · 14h ago on Sep 30, 2026· 34m 21s· 2 players
Game mode
Random Map
Map size
Tiny (2 player)
Population
200
Speed
Normal
Resources
Standard
Victory
Conquest
Starting age
Dark Age
Ending age
Imperial Age
RankedLock teamsTeams togetherTeam positionsShared explorationLock speedFull tech treeHidden civsTurbo modeCheats
Victory
Defeat
🇦🇷 Wei · Argentina
1365
+16
🇨🇴 Italians · Colombia
1362
-16
PipeHincapie
10:36 Feudal Age
14:29 Castle Age
15:17 Double-Bit Axe
15:17 Horse Collar
23:26 Bow Saw
23:32 Heavy Plow
26:10 Gold Mining
26:19 Stone Mining
29:45 Imperial Age
28:41 Fletching
28:52 Padded Archer Armor
30:07 Ballistics
30:11 Masonry
30:07 Bodkin Arrow
30:28 Leather Archer Armor
31:44 Chemistry
31:14 Conscription
31:02 Bracer
31:01 Elite Skirmisher
32:53 Light Cavalry
33:44 Bloodlines
Gregory176144
8:28 Feudal Age
9:43 Wheelbarrow
8:54 Double-Bit Axe
8:50 Horse Collar
10:06 Stone Mining
10:30 Gold Mining
17:23 Castle Age
18:23 Hand Cart
18:18 Bow Saw
18:09 Heavy Plow
18:46 Gold Shaft Mining
18:47 Stone Shaft Mining
19:34 Treadmill Crane
25:08 Town Watch
25:32 Loom
29:48 Imperial Age
28:49 Ballistics
28:20 Fletching
28:30 Padded Archer Armor
28:44 Tuntian
29:05 Bodkin Arrow
29:11 Elite Skirmisher
30:37 Leather Archer Armor
31:32 Chemistry
30:34 Bracer
30:46 Thumb Ring
31:39 Parthian Tactics
31:27 Masonry
32:01 Conscription
32:30 Ring Archer Armor
32:54 Bloodlines
32:44 Husbandry
Connection lost

Rejoining the realm…

Still unreachable

The connection could not be restored.

Session expired

The server has moved on; the page needs a fresh start.